AoeStats
← 進清十郎

Black Forest

508457087Analyzed
4v4 RM · 9d ago on Sep 22, 2026· 17m 41s· 8 players
Game mode
Random Map
Map size
Large (8 player)
Population
200
Speed
Normal
Resources
Standard
Victory
Conquest
Starting age
Dark Age
Ending age
Imperial Age
RankedLock teamsTeams togetherTeam positionsShared explorationLock speedFull tech treeHidden civsTurbo modeCheats
Victory
Defeat
🇨🇴 Hindustanis · Colombia
1336
+13
🇺🇸 Malians · United States
1329
+13
🇹🇷 Spanish · Türkiye
1302
+14
🇧🇴 Cumans · Bolivia
1278
+15
🇭🇰 Aztecs · Hong Kong SAR China
1412
-20
🇹🇼 Romans · Taiwan
1269
-14
🇭🇰 Turks · Hong Kong SAR China
1193
-11
🇭🇰 Burgundians · Hong Kong SAR China
1178
-10
visionary
3:25 Loom
12:13 Feudal Age
16:06 Castle Age
14:35 Double-Bit Axe
14:31 Horse Collar
15:20 Man-at-Arms
16:21 Scale Mail Armor
進清十郎
11:07 Feudal Age
14:43 Castle Age
12:51 Double-Bit Axe
14:20 Horse Collar
16:04 Bow Saw
16:00 Horse Collar
五虎上將-黃忠
14:18 Feudal Age
15:21 Double-Bit Axe
15:29 Gold Mining
18:04 Castle Age
五虎上將-張飛
0:27 Loom
9:21 Double-Bit Axe
14:27 Feudal Age
17:53 Scale Barding Armor
[SICK] NAUTIKOS
0:48 Loom
11:34 Feudal Age
16:54 Castle Age
[SICK] WhiteSun
4:57 Loom
7:22 Loom
10:26 Feudal Age
13:35 Man-at-Arms
15:03 Double-Bit Axe
federx
0:29 Loom
11:30 Feudal Age
12:00 Double-Bit Axe
12:31 Gold Mining
14:49 Fletching
15:55 Fletching
El Sobeks
11:13 Feudal Age
15:07 Castle Age
14:01 Double-Bit Axe
16:36 Horse Collar
17:39 Bow Saw
Connection lost

Rejoining the realm…

Still unreachable

The connection could not be restored.

Session expired

The server has moved on; the page needs a fresh start.